 Dungeon Crawl Stone Soup version 0.28-a0-1506-g3893175d92 (webtiles) character file.

Game seed: 13932966527966509444

6 HallandMoats the Skirmisher (level 1, -1/19 HPs)
             Began as a Ghoul Fighter on Jan 14, 2022.
             Was a High Priest of Ignis.
             Slain by a kobold (3 damage)
             ... on level 1 of the Dungeon.
             The game lasted 00:00:30 (317 turns).

HallandMoats the Skirmisher (Ghoul Fighter)          Turns: 317, Time: 00:00:30

Health: -1/19      AC:  7    Str: 19    XL:     1   Next: 90%
Magic:  0/0        EV:  9    Int:  3    God:    Ignis [*****.]
Gold:   29         SH:  4    Dex:  8    Spells: 0/0 levels left

rFire   + . .      SeeInvis .   a - +0 long sword
rCold   + . .      Faith    .   c - +0 buckler
rNeg    + + +      Spirit   .   b - +0 scale mail
rPois   ∞          Reflect  .   (no helmet)
rElec   .          Harm     .   (no cloak)
rCorr   .          Rampage  .   (no gloves)
Will    .....                   e - +0 pair of boots
Stlth   ..........              (no amulet)
HPRegen 0.00/turn               (no ring)
MPRegen 0.07/turn               (no ring)

@: inhibited regen
A: claws 1, cold resistance 1, negative energy resistance 3, inhibited
regeneration, torment resistance 2
a: Renounce Religion, Fiery Armour, Foxfire Swarm, Rising Flame


You were on level 1 of the Dungeon.
You worshipped Ignis.
Ignis was extremely pleased with you.
You visited 1 branch of the dungeon, and saw 1 of its levels.

You collected 29 gold pieces.

Inventory:

Hand Weapons
 a - a +0 long sword (weapon)
Armour
 b - a +0 scale mail (worn)
 c - a +0 buckler (worn)
 e - a +0 pair of boots (worn)
Potions
 d - a potion of might
 f - a potion of curing {unknown}


   Skills:
 * Level 3.4 Fighting
 * Level 1.9 Long Blades
 + Level 2.7 Armour
 + Level 0.1 Dodging
 * Level 2.8 Shields


You couldn't memorise any spells.
You didn't know any spells.
Your spell library was empty.

Dungeon Overview and Level Annotations

Branches:
Dungeon (1/15)

Altars:
Ignis


Innate Abilities, Weirdness & Mutations

You thrive by killing the living.
You are immune to poison.
You have sharp fingernails.
Your flesh is cold resistant. (rC+)
You are immune to negative energy. (rN+++)
You do not regenerate when monsters are visible.
You are immune to unholy pain and torment.


Message History

The kobold barely misses you. The kobold hits you with a +0 dagger.
The kobold barely misses you.
The giant cockroach waves its antennae.
The kobold hits you but does no damage. The kobold hits you but does no damage.
The kobold hits you with a +0 dagger. The kobold hits you but does no damage.
The kobold hits you with a +0 dagger. The kobold hits you but does no damage.
The kobold hits you but does no damage. The kobold closely misses you.
The kobold barely misses you. The kobold barely misses you.
The kobold hits you but does no damage. The kobold hits you with a +0 dagger.
The kobold hits you but does no damage. The kobold closely misses you.
The kobold hits you but does no damage. The kobold misses you.
The kobold barely misses you. The kobold hits you but does no damage.
The kobold hits you but does no damage. The kobold hits you but does no damage.
You block the kobold's attack. The kobold hits you with a +0 dagger.
* * * LOW HITPOINT WARNING * * *
The kobold hits you but does no damage. The kobold closely misses you.
The kobold barely misses you. The kobold barely misses you.
The kobold hits you with a +0 dagger.
* * * LOW HITPOINT WARNING * * *
The kobold closely misses you. The kobold hits you but does no damage.
The kobold barely misses you. The kobold misses you.
The kobold hits you but does no damage. The kobold hits you with a +0 dagger.
You die...

#.............
###.............
...........K.#....
#................
#.####.#...>#..........
#.#........ ......
#B###....## .....
#K###.....####....
#@................
#..............#.#
#................#
.....................
.########..........##
#..........##
#.........)#
##........##
#..........#


You could see a giant cockroach and a kobold.

Vanquished Creatures
  2 hobgoblins (D:1)
  2 kobolds (D:1)
  A goblin (D:1)
  A rat (D:1)
6 creatures vanquished.

Notes
Turn   | Place    | Note
-------+----------+-------------------------------------------
     0 | D:1      | HallandMoats the Ghoul Fighter began the quest for the Orb.
     0 | D:1      | Reached XP level 1. HP: 19/19 MP: 0/0
   241 | D:1      | Found a faded altar of an unknown god.
   261 | D:1      | Prayed at the altar of an unknown god.
   261 | D:1      | Became a worshipper of Ignis, the Dying Flame
   317 | D:1      | Slain by a kobold

Illustrated notes

Levels and vault maps discovered:
D:1:      evilmike_arrival_crescent, layout_rooms, basic_ecumenical_altar

Action                   || total
-------------------------++-------
Melee: Long sword        ||    20
Armor: Scale mail        ||    30
Dodge: Dodged            ||    28
Block: Buckler           ||     6

Table legend: (Time is in decaauts)
 A = Elapsed time spent in this place.
 B = Non-inter-level travel time spent in this place.
 C = Inter-level travel time spent in this place.
 D = Time resting spent in this place.
 E = Time spent auto-exploring this place.
 F = Levels seen in this place.
 G = Mean time per level.
                   A        B        C        D        E       F      G
               +--------+--------+--------+--------+--------+-----+--------+
         Total |    324 |    324 |      0 |      0 |    184 |   1 |  324.0 |
       Dungeon |    324 |    324 |      0 |      0 |    184 |   1 |  324.0 |
               +--------+--------+--------+--------+--------+-----+--------+

Top non-repeatable levels by time:
     D:1: 324 daAuts
